 Dungeon Crawl Stone Soup version 0.27.0-1-g7a089689b8 (webtiles) character file.

Game seed: 17242788939507391040

109 horus123 the Magician (level 4, -5/24 HPs)
             Began as a Deep Elf Air Elementalist on Aug 3, 2021.
             Slain by a worm (10 damage)
             ... on level 3 of the Dungeon.
             The game lasted 00:08:50 (2746 turns).

horus123 the Magician (Deep Elf Air Elementalist)   Turns: 2746, Time: 00:08:51

Health: -5/24      AC:  2    Str:  5    XL:     4   Next: 60%
Magic:  7/12       EV: 12    Int: 21    God:
Gold:   96         SH:  0    Dex: 15    Spells: 2/12 levels left

rFire    + . .     SeeInvis .   b - +4 dagger
rCold    + . .     Faith    .   (no shield)
rNeg     . . .     Spirit   .   a - +0 robe
rPois    .         Reflect  .   (no helmet)
rElec    .         Harm     .   l - scarf {rC+ rF+}
rCorr    .         Rampage  .   (no gloves)
Will     .....                  (no boots)
Stlth    ++........             (no amulet)
HPRegen  0.08/turn              (no ring)
MPRegen  0.13/turn              (no ring)

@: very slightly contaminated
A: no striking features
a: no special abilities


You were on level 3 of the Dungeon.
You visited 1 branch of the dungeon, and saw 3 of its levels.

You collected 96 gold pieces.

Inventory:

Hand Weapons
 b - a +4 dagger (weapon)
Missiles
 g - a throwing net
Armour
 a - a +0 robe (worn)
 l - a scarf of resistance (worn)
Scrolls
 f - a scroll of identify {unknown}
 k - a scroll of teleportation
Potions
 c - a potion of brilliance {unknown}
 d - a potion of curing {unknown}
 e - a potion of cancellation {unknown}
 h - a potion of resistance {unknown}
 i - a potion of mutation {unknown}


   Skills:
 + Level 2.5 Dodging
 + Level 3.0 Stealth
 + Level 4.6 Spellcasting
 + Level 2.3 Conjurations
 + Level 3.9 Air Magic


You had 2 spell levels left.
You knew the following spells:

 Your Spells              Type           Power      Damage    Failure   Level
a - Shock                 Conj/Air       72%        1d7       3%          1
b - Static Discharge      Conj/Air       18%        N/A       4%          2
c - Swiftness             Air            21%        N/A       7%          3
d - Airstrike             Air            10%        N/A       22%         4

Your spell library contained the following spells:

 Spells                   Type           Power      Damage    Failure   Level


Dungeon Overview and Level Annotations

Branches:
Dungeon (3/15)

Altars:


Message History

Found 6 gold pieces.
A hound is nearby!
Casting: Shock (safe; 3% risk of failure)
Confirm with . or Enter, or press ? or * to list all spells.
The spell is potentially lethal to cast (22% risk of failure)!
Continue anyway?
Aiming: Airstrike (potentially lethal; 22% risk of failure)
Press: ? - help, Dir - move target, f - hound
Aim: a hound (wandering, hasn't noticed you)
You miscast Airstrike.
You are very lightly contaminated with residual magic.
The wind whips around you.
The hound barks!
You hear a shout!
A kobold comes into view. It is wielding a +0 short sword.
That beam is likely to hit you.
Continue anyway?
Okay, then.
That beam is likely to hit you.
Continue anyway?
Okay, then.
Casting: Shock (safe; 3% risk of failure)
Confirm with . or Enter, or press ? or * to list all spells.
Aiming: Shock (safe; 3% risk of failure)
Press: ? - help, Shift-Dir - straight line, f/p - hound
Aim: a hound (60% to hit)
That beam is likely to hit you.
Continue anyway?
You miscast Shock.
Nothing appears to happen.
The hound bites you. The hound bites you but does no damage.
A worm comes into view.
The hound bites you but does no damage. The hound closely misses you.
The hound closely misses you. The hound barely misses you.
Casting: Shock (safe; 3% risk of failure)
Confirm with . or Enter, or press ? or * to list all spells.
The worm is struck by an arc of lightning.
The worm is moderately wounded.
You are struck by an arc of lightning.
The lightning grounds out.
The hound bites you. The worm bites you!
* * * LOW HITPOINT WARNING * * *
An endoplasm comes into view.
The hound misses you. The hound completely misses you. The worm bites you!
You die...

#....## ......#
....#..## .....#..#
.....##.#
..#...#.#######
#.............#### #
..##..##...##.Kh.##..##.
####..####..####@w......
## #...# ##.....###..##.
.###...## #####......#
<.####..###.....##.w.#
#...##......###$# .##
#...........# #.. #
..####.##...# #.. ###
#.###.....#.# .###
#...###... ..


You could see a worm, a hound and a kobold.

Vanquished Creatures
  An orc wizard (D:3)
  3 gnolls (D:2)
  3 orcs (D:3)
  4 endoplasms
  2 giant cockroaches
  3 goblins
  8 hobgoblins
  8 jackals (D:3)
  4 kobolds
  5 ball pythons (D:1)
  2 bats
  4 frilled lizards
  A rat (D:1)
48 creatures vanquished.

Vanquished Creatures (others)
  A plant (D:1)
1 creature vanquished.

Grand Total: 49 creatures vanquished

Notes
Turn   | Place    | Note
-------+----------+-------------------------------------------
     0 | D:1      | horus123 the Deep Elf Air Elementalist began the quest for
                  | the Orb.
     0 | D:1      | Reached XP level 1. HP: 10/10 MP: 6/6
   197 | D:1      | Reached XP level 2. HP: 14/15 MP: 1/8
   258 | D:1      | Learned a level 2 spell: Static Discharge
  1113 | D:2      | Reached XP level 3. HP: 9/19 MP: 4/9
  1378 | D:2      | Learned a level 3 spell: Swiftness
  1438 | D:2      | Reached skill level 4 in Spellcasting
  2242 | D:3      | Reached XP level 4. HP: 24/24 MP: 6/12
  2316 | D:3      | Learned a level 4 spell: Airstrike
  2746 | D:3      | Slain by a worm

Illustrated notes

Levels and vault maps discovered:
D:1:      lightli_iron_boxes, layout_rooms, minmay_shallow_snake_nest
D:2:      layout_basic
D:3:      layout_rooms, okawaru_metal_pillars_1_2, minmay_misc_feat_chi,
          hangedman_abyss_or_decor_stabs

Skill      XL: |  1  2  3 |
---------------+----------+-----
Stealth        | 3 |  3.0
Spellcasting   | 4 |  4.6
Conjurations   | 2 |  2.3
Dodging        | |  2.5
Air Magic      | |  3.9

Action                   |  1- 3 |  4- 6 || total
-------------------------+-------+-------++-------
Melee: Dagger            |     3 |     3 ||     6
 Cast: Shock             |    83 |    17 ||   100
       Static Discharge  |     3 |     2 ||     5
       Airstrike         |       |     1 ||     1
  Use: Scroll            |       |     4 ||     4
Armor: Robe              |     5 |     2 ||     7
Dodge: Dodged            |     7 |     6 ||    13
